cohdb
Replays
Latest Replays
All Replays
Popular Replays
Top Player Replays
Match Explorer
How It Works
Community
CoH3 Stats
Reddit
Sign in to upload your games and track your stats! →
Sign in with Steam
Match 40616407
Unlisted
Match 40616407
Overview
Messages
Build Orders
End
Vickers Machine Gun Team
Construct Section Command Post
Selects Heavy Armor Battlegroup
Dingo Light Scout Car
Infantry Section
Infantry Section
Construct Platoon Command Post
Unlock M3 Stuart Light Tanks
M3 Stuart Light Tank
Selects Rigorous Vehicle Training
M3 Stuart Light Tank
CMP 15cwt Truck
Infantry Section
6-pounder Anti-tank Gun Team
6-pounder Anti-tank Gun Team
Light Vehicle Training
Infantry Training
Team Weapon Training
Infantry Section
Grenade Package
Construct Company Command Post
Selects Forward Repair Assembly
Forward Retreat Point
Selects Churchill Black Prince Heavy Tank
Churchill Black Prince Heavy Tank
YO BOY ANT
IronPixie
DPJ_realy
Monkey Master of Monkeys
Sir Toady
為了帝皇
Valdai
lazhadeg
0
0
Comments
sign in to comment!
No comments posted yet!